 Dungeon Crawl Stone Soup version 0.27.1-34-g3ba077fa99 (webtiles) character file.

Game seed: 15506088713981153424

12854 soggyman666 the Basher (level 11, -6/92 (96) HPs)
             Began as a Deep Dwarf Fighter on Jan 9, 2022.
             Was an Initiate of Gozag.
             Mangled by a two-headed ogre (13 damage)
             ... on level 12 of the Dungeon.
             The game lasted 01:00:04 (9966 turns).

soggyman666 the Basher (Deep Dwarf Fighter)         Turns: 9966, Time: 01:00:07

HP:   -6/92 (96)    AC: 21    Str: 23    XL:     11   Next: 67%
MP:   0/0           EV:  5    Int:  8    God:    Gozag
Gold: 208           SH: 19    Dex: 19    Spells: 10/10 levels left

rFire    + . .     SeeInvis .   p - +7 mace "Suhidei" {vorpal, rF+}
rCold    . . .     Faith    .   e - +1 tower shield
rNeg     . . .     Spirit   .   d - +2 plate armour {rPois}
rPois    +         Reflect  .   b - +2 hat
rElec    .         Harm     .   o - +0 cloak
rCorr    +         Rampage  .   t - +0 pair of gloves
Will     +....                  y - +0 pair of boots
Stlth    ..........             (no amulet)
HPRegen  0.00/turn              q - +6 ring of dexterity
MPRegen  0.07/turn              x - ring of resist corrosion

@: lightly drained
A: damage resistance, heal wounds, sense surroundings 2, no regeneration
a: Heal Wounds, Renounce Religion, Potion Petition, Call Merchant, Bribe Branch


You were on level 12 of the Dungeon.
You worshipped Gozag.
Gozag was aware of your devotion.
You visited 3 branches of the dungeon, and saw 14 of its levels.
You also visited: Sewer.

You collected 1896 gold pieces.
You spent 60 gold pieces at shops.
You paid 1628 gold pieces to Gozag.

Inventory:

Hand Weapons
 p - the +7 mace "Suhidei" (weapon) {vorpal, rF+}
   (You found it on level 5 of the Dungeon)

   It inflicts extra damage upon your enemies.
   rF:        It protects you from fire.
 w - a +2 war axe
Armour
 b - a +2 hat (worn)
 d - a +2 plate armour of poison resistance (worn)
 e - a +1 tower shield (worn)
 o - a +0 cloak (worn)
 t - a +0 pair of gloves (worn)
 y - a +0 pair of boots (worn)
Jewellery
 c - a ring of protection from fire
 m - a ring of protection from fire
 q - a +6 ring of dexterity (left hand)
 u - a ring of willpower
 x - a ring of resist corrosion (right hand)
Wands
 a - a wand of iceblast (11)
 n - a wand of polymorph (3)
Scrolls
 h - 3 scrolls of teleportation
 i - a scroll of magic mapping
 j - a scroll of identify
 k - 2 scrolls of silence
 s - a scroll of enchant armour
 v - a scroll of amnesia
Potions
 f - 2 potions of haste
 g - 3 potions of flight


   Skills:
 + Level 5.5 Fighting
 + Level 7.7(10.5) Axes
 * Level 10.4(11.3) Maces & Flails
 - Level 1.9 Throwing
 + Level 8.3 Armour
 + Level 3.1 Dodging
 + Level 1.1 Stealth
 + Level 9.2 Shields
 * Level 9.0 Evocations


You had 10 spell levels left.
You didn't know any spells.
Your spell library contained the following spells:

 Spells                   Type           Power      Damage    Failure   Level
 Animate Skeleton         Necr           0%         N/A       100%        1
 Magic Dart               Conj           0%         1d3       100%        1
 Pain                     Necr           0%         1d4       100%        1
 Call Imp                 Summ           0%         N/A       100%        2
 Poisonous Vapours        Pois/Air       0%         N/A       100%        2
 Gell's Gravitas          Tloc           0%         N/A       100%        3
 Mephitic Cloud           Conj/Pois/Air  0%         N/A       100%        3
 Teleport Other           Tloc           0%         N/A       100%        3
 Vampiric Draining        Necr           0%         2d6       100%        3
 Summon Ice Beast         Ice/Summ       0%         N/A       100%        4
 Conjure Ball Lightning   Conj/Air       0%         3x3d6     100%        6
 Dispersal                Tloc           0%         N/A       100%        6
 Storm Form               Tmut/Air       0%         N/A       100%        7


Dungeon Overview and Level Annotations

Branches:
Dungeon (12/15)            Temple (1/1) D:5            Lair (1/6) D:9
  Sewer (visited)
    Orc: D:9-12

Altars:
Ashenzari
Cheibriados
Dithmenos
Elyvilon
Fedhas
Gozag
Hepliaklqana
Kikubaaqudgha
Makhleb
Nemelex Xobeh
Okawaru
Qazlal
Ru
Sif Muna
Trog
Uskayaw
Vehumet
Wu Jian
Xom
Yredelemnul
Zin
The Shining One

Shops:
D:5 *

Annotations:
D:12 Nessos


Innate Abilities, Weirdness & Mutations

You are resistant to damage.
You can heal yourself by infusing magical energy.
You passively map the area around you.
You do not regenerate.


Message History

Nessos shoots an arrow.
The arrow hits you but does no damage.
Your surroundings suddenly seem different.
A two-headed ogre comes into view. It is wielding two +0 giant clubs.
The two-headed ogre shouts in stereo!
You block the two-headed ogre's attack. The two-headed ogre barely misses you.
You hit the two-headed ogre.
The two-headed ogre is lightly wounded.
You sock the two-headed ogre!
The two-headed ogre is heavily wounded.
You block the two-headed ogre's attack. x2
Your shield and plate armour prevent you from hitting the two-headed ogre.
The two-headed ogre is heavily wounded.
You block the two-headed ogre's attack.
The two-headed ogre hits you but does no damage.
You hit the two-headed ogre.
The two-headed ogre is heavily wounded.
The two-headed ogre completely misses you.
The two-headed ogre barely misses you.
You hit the two-headed ogre.
The two-headed ogre is severely wounded.
You block the two-headed ogre's attack. x2
You barely miss the two-headed ogre.
The two-headed ogre is severely wounded.
You block the two-headed ogre's attack.
The two-headed ogre hits you but does no damage.
You hit the two-headed ogre.
The two-headed ogre is almost dead.
You block the two-headed ogre's attack.
The two-headed ogre hits you with a +0 giant club!
* * * LOW HITPOINT WARNING * * *
Your shield and plate armour prevent you from hitting the two-headed ogre.
The two-headed ogre is almost dead.
You block the two-headed ogre's attack. x2
You hit the two-headed ogre.
The two-headed ogre is almost dead.
The two-headed ogre hits you with a +0 giant club.
* * * LOW HITPOINT WARNING * * *
The two-headed ogre hits you with a +0 giant club!
You die...
Your body crumbles into a pile of gold.

### #.##########*
* ** * * ,
#........... , ,
#.########## ** *
, #.#############
#...........@O#* *
##########.......#
#.......#* *
#.......# , ,
.......... ,
#####.#####. ,, ,
*.., * , * ###** *
* ,,, ,, *


You could see a two-headed ogre.

Vanquished Creatures
  5 two-headed ogres
  Nergalle (D:12)
  4 cyclopes
  Maggie (D:9)
  2 gargoyles
  2 trolls (D:11)
  A hornet (D:9)
  Prince Ribbit (D:5)
  Grinder (D:5)
  A meliai zombie (D:11)
  A spriggan (D:10)
  A shadow (D:11)
  A yak (D:9)
  A wraith (D:11)
  2 wyverns
  A basilisk (D:9)
  3 steam dragons
  Menkaure (D:5)
  4 water moccasins
  Duvessa (D:5)
  2 orc warriors (D:9)
  A black bear (D:9)
  4 ice beasts
  An ogre (D:3)
  2 phantoms (D:6)
  3 centaurs
  Blork the orc (D:4)
  A scorpion (D:5)
  2 bullfrogs
  Dowan (D:5)
  A water moccasin zombie (D:5)
  A water moccasin skeleton (D:7)
  18 wights
  An electric eel (D:12)
  3 howler monkeys
  4 centaur zombies
  4 hounds
  A bullfrog zombie (D:7)
  4 jellies
  6 orc priests
  Crazy Yiuf (D:5)
  A bullfrog skeleton (D:5)
  A gnoll shaman (D:4)
  4 iguanas
  9 orc wizards
  A howler monkey zombie (D:5)
  5 gnolls
  5 adders
  A river rat (D:5)
  A shadow imp (D:8)
  2 worms
  3 dart slugs
  25 orcs
  9 bats
  13 endoplasms
  3 giant cockroaches
  A goblin (D:2)
  3 hobgoblins (D:3)
  8 jackals
  7 quokkas
  4 ball pythons
  5 frilled lizards
  12 kobolds
  4 rats
224 creatures vanquished.

Vanquished Creatures (others)
  9 fungi
  2 plants (D:9)
  8 toadstools (D:2)
19 creatures vanquished.

Grand Total: 243 creatures vanquished

Notes
Turn   | Place    | Note
-------+----------+-------------------------------------------
     0 | D:1      | soggyman666 the Deep Dwarf Fighter began the quest for the
                  | Orb.
     0 | D:1      | Reached XP level 1. HP: 20/20 MP: 1/1
   188 | D:1      | Reached XP level 2. HP: 24/27 MP: 2/2
   955 | D:2      | Reached XP level 3. HP: 24/33 MP: 3/3
  1195 | D:2      | Reached XP level 4. HP: 36/42 MP: 4/4
  1203 | D:2      | Reached skill level 1 in Dodging
  1203 | D:2      | Reached XP level 5. HP: 24/49 MP: 5/5
  2536 | D:3      | Found a faded altar of an unknown god.
  2579 | D:3      | Noticed an ogre
  2588 | D:3      | Killed an ogre
  2589 | D:3      | Reached skill level 5 in Axes
  2589 | D:3      | Reached XP level 6. HP: 45/56 MP: 6/6
  2973 | D:4      | Noticed Blork the orc
  2989 | D:4      | Killed Blork the orc
  2990 | D:4      | Reached skill level 5 in Shields
  3123 | D:4      | Reached XP level 7. HP: 56/62 MP: 6/6
  3548 | D:4      | Reached skill level 1 in Throwing
  3569 | D:5      | Entered Level 5 of the Dungeon
  3592 | D:5      | Noticed Duvessa
  3592 | D:5      | Noticed Dowan
  3595 | D:5      | Noticed Grinder
  3597 | D:5      | Noticed Prince Ribbit
  3606 | D:5      | Paralysed by Grinder for 2 turns
  3692 | D:5      | Found a radiant altar of Vehumet.
  3742 | D:5      | Killed Grinder
  3743 | D:5      | Reached skill level 5 in Armour
  3743 | D:5      | Reached skill level 1 in Evocations
  3852 | D:5      | Found a glowing drain.
  3872 | Sewer    | Entered a sewer
  4022 | D:5      | Killed Prince Ribbit
  4023 | D:5      | Reached XP level 8. HP: 49/72 MP: 7/7
  4059 | D:5      | Reached skill level 1 in Maces & Flails
  4243 | D:5      | Found Uzixyol's General Store.
  4253 | D:5      | Bought a potion of heal wounds for 60 gold pieces
  4319 | D:5      | Found a sparkling altar of Nemelex Xobeh.
  4333 | D:5      | Noticed Menkaure
  4339 | D:5      | Killed Menkaure
  4373 | D:5      | Killed Duvessa
  4374 | D:5      | Reached skill level 2 in Maces & Flails
  4380 | D:5      | Killed Dowan
  4416 | D:5      | Found a staircase to the Ecumenical Temple.
  4437 | Temple   | Entered the Ecumenical Temple
  4708 | Temple   | Became a worshipper of Gozag Ym Sagoz the Greedy
  4757 | D:5      | Found a runed translucent door.
  4760 | D:5      | Identified the +7 mace "Suhidei" {vorpal, rF+}
  4766 | D:5      | Noticed Crazy Yiuf
  4885 | D:5      | Killed Crazy Yiuf
  5124 | D:6      | Reached skill level 3 in Maces & Flails
  5170 | D:6      | Gained mutation: You passively map the area around you.
                  | [Deep Dwarf growth]
  5170 | D:6      | Reached XP level 9. HP: 56/78 MP: 7/7
  5482 | D:6      | Reached skill level 5 in Evocations
  5508 | D:6      | Reached skill level 4 in Maces & Flails
  5752 | D:7      | Reached skill level 1 in Stealth
  5809 | D:7      | Reached skill level 5 in Maces & Flails
  5881 | D:7      | Noticed a two-headed ogre
  5895 | D:7      | Killed a two-headed ogre
  5896 | D:7      | Reached skill level 6 in Maces & Flails
  5993 | D:7      | Found a glowing silver altar of Zin.
  5993 | D:7      | Found a glowing golden altar of the Shining One.
  6001 | D:7      | Found a bloodstained altar of Trog.
  6003 | D:7      | Found a shadowy altar of Dithmenos.
  6005 | D:7      | Found a faded altar of an unknown god.
  6111 | D:7      | Reached XP level 10. HP: 72/87 MP: 5/5
  6897 | D:8      | Identified the +1 scale mail of Aziesh {-Tele Will+ Str+9
                  | Dex-4}
  6998 | D:8      | Found an ornate altar of the Wu Jian Council.
  7051 | D:9      | Reached skill level 7 in Maces & Flails
  7083 | D:9      | Found a staircase to the Lair.
  7115 | Lair:1   | Entered Level 1 of the Lair of Beasts
  7187 | D:9      | Paralysed by a hornet for 2 turns
  7193 | D:9      | Paralysed by a hornet for 1 turns
  7233 | D:9      | Reached skill level 8 in Maces & Flails
  7312 | D:9      | Noticed Maggie
  7320 | D:9      | Killed Maggie
  7471 | D:9      | Found a shimmering altar of Xom.
  7918 | D:10     | Entered Level 10 of the Dungeon
  7975 | D:10     | Noticed a two-headed ogre
  7993 | D:10     | Killed a two-headed ogre
  8052 | D:10     | Reached skill level 9 in Maces & Flails
  8253 | D:10     | Reached skill level 5 in Fighting
  8500 | D:11     | Found a snail-covered altar of Cheibriados.
  8608 | D:11     | Got the Catalogue of the Supportive Birds
  8663 | D:11     | Noticed a cyclops
  8710 | D:11     | Killed a cyclops
  8711 | D:11     | Reached XP level 11. HP: 81/94 MP: 3/3
  8808 | D:11     | Noticed a two-headed ogre
  8906 | D:11     | Killed a two-headed ogre
  9119 | D:11     | Noticed a two-headed ogre
  9129 | D:11     | Killed a two-headed ogre
  9130 | D:11     | Reached skill level 10 in Maces & Flails
  9346 | D:12     | Found a shimmering blue altar of Sif Muna.
  9414 | D:12     | Noticed a two-headed ogre
  9415 | D:12     | Noticed Nessos
  9436 | D:12     | Killed a two-headed ogre
  9706 | D:12     | Noticed Nergalle
  9731 | D:12     | Killed Nergalle
  9954 | D:12     | Noticed a two-headed ogre
  9966 | D:12     | Mangled by a two-headed ogre

Illustrated notes

Levels and vault maps discovered:
D:1:      dpeg_arrival_boxes_within_box, layout_basic
D:2:      cheibrodos_fertilizer, layout_loops_corners, kennysheep_another_room
D:3:      layout_basic, ebering_ecumenical_altar_hall
D:4:      layout_loops_ring, serial_rivers, chequers_serial_rivers_room_a,
          chequers_serial_rivers_micro_c, chequers_serial_rivers_micro_c,
          chequers_serial_rivers_small_a, uniq_blork_the_orc
D:5:      layout_rooms, mainiacjoe_overflow_chevrons,
          nemelex_spade_bored_becter, minmay_temple_entry_statues_fountains,
          serial_shops, nicolae_diamond_shop, portal_sewer_entry_b,
          minmay_fractal_squares_gapless_5, uniq_grinder, uniq_duvessa,
          uniq_crazy_yiuf_cottage, uniq_menkaure, uniq_prince_ribbit1
D:6:      layout_basic, wad_floor_pattern_1, minmay_misc_feat_plants,
          minmay_tree_intersection
D:7:      layout_gridville, chequers_temple_overflow_minitemple
D:8:      layout_loops_cross, nicolae_wu_jian_glorious_leap,
          minmay_misc_feat_five
D:9:      layout_loops_ring, mainiacjoe_overflow_24_doors, david_lair_generic,
          uniq_maggie
D:10:     layout_gridville, chequers_serial_rivers_small_b, the_hattery
D:11:     layout_rooms, slow_altar_1
D:12:     layout_basic, orc_0_dummy, nicolae_sif_muna_condensation, uniq_nessos,
          uniq_josephine, uniq_nergalle
Temple:   minmay_temple_curvy_branch
Lair:1:   gammafunk_boulding_lane, layout_cave_pods,
          grunt_forest_large_clearings, uniq_harold

Skill      XL: |  1  2  3  4  5  6  7  8  9 10 11 |
---------------+----------------------------------+-----
Fighting       | 3 4 5 |  5.5
Axes           | 3 4 5 6 7 |  7.7
Shields        | 4 5 6 7 8 9 |  9.2
Armour         | 4 5 6 7 8 |  8.3
Dodging        | 1 2 3 |  3.1
Throwing       | 1 |  1.9
Evocations     | 3 4 6 7 9 |  9.0
Maces & Flails | 3 6 9 10 | 10.4
Stealth        | 1 |  1.1

Action                   |  1- 3 |  4- 6 |  7- 9 | 10-12 || total
-------------------------+-------+-------+-------+-------++-------
Melee: War axe           |    90 |   164 |   130 |       ||   384
       Mace              |       |       |   138 |   345 ||   483
Throw: Throwing net      |       |     1 |       |       ||     1
Invok: Potion Petition   |       |       |       |     3 ||     3
 Abil: Heal Wounds       |     1 |     6 |    14 |    20 ||    41
Evoke: Wand              |       |       |     9 |     7 ||    16
  Use: Scroll            |     1 |     8 |     4 |    13 ||    26
       Potion            |     1 |       |     2 |     6 ||     9
 Stab: Distracted        |       |       |       |     1 ||     1
Armor: Scale mail        |    54 |    64 |    31 |       ||   149
       Chain mail        |       |       |   102 |     3 ||   105
       Plate armour      |       |       |       |   105 ||   105
Dodge: Dodged            |    36 |    31 |    55 |    40 ||   162
Block: Kite shield       |    59 |     2 |       |       ||    61
       Tower shield      |       |   105 |   288 |   340 ||   733
